 Dungeon Crawl Stone Soup version 0.20.1-1-g8b1a95d66d (webtiles) character file.

9058 4FPSwarrior the Severer (level 11, -14/97 HPs)
             Began as a Minotaur Fighter on Dec 25, 2017.
             Was a High Priest of Okawaru.
             Killed from afar by a tengu conjurer (31 damage)
             ... with a bolt of lightning
             ... on level 10 of the Dungeon.
             The game lasted 01:12:08 (10507 turns).

4FPSwarrior the Severer (Minotaur Fighter)         Turns: 10507, Time: 01:12:11

Health: -14/97     AC: 12    Str: 25      XL:     11   Next: 18%
Magic:  10/10      EV:  5    Int: 10      God:    Okawaru [*****.]
Gold:   344        SH: 12    Dex:  8 (9)  Spells: 10/10 levels left

rFire    . . .     SeeInvis .   Q - +1 trident "Woockefre" {pierce, rC+ MR+ Int+5}
rCold    + . .     Gourm    .   c - +1 shield
rNeg     . . .     Faith    .   T - +0 plate armour
rPois    +         Spirit   .   (helmet restricted)
rElec    .         Reflect  .   (no cloak)
rCorr    .         Harm     +   l - +0 pair of gloves
MR       +....                  (no boots)
Stlth    ..........             M - amulet of harm
Regen    0.3/turn               G - ring of poison resistance
MPRegen  0.2/turn               (no ring)

@: no status effects
A: retaliatory headbutt, horns 2
a: Heroism, Finesse, Renounce Religion


You were on level 10 of the Dungeon.
You worshipped Okawaru.
Okawaru was extremely pleased with you.
You were hungry.

You visited 1 branch of the dungeon, and saw 10 of its levels.

You collected 419 gold pieces.
You spent 75 gold pieces at shops.

Inventory:

Hand Weapons
 a - a +0 war axe
 P - a +3 flail of venom
 Q - the +1 trident "Woockefre" (weapon) {pierce, rC+ MR+ Int+5}
   (You found it on level 8 of the Dungeon)

   It inflicts extra damage upon your enemies.
   It affects your intelligence (+5).
   It protects you from cold.
   It affects your resistance to hostile enchantments.
Missiles
 y - 2 steel javelins (quivered)
 U - 4 exploding tomahawks
Armour
 c - a +1 shield (worn)
 l - a +0 pair of gloves (worn)
 T - a +0 plate armour (worn)
Jewellery
 k - an uncursed amulet of guardian spirit
 G - a ring of poison resistance (left hand)
 M - an amulet of harm (around neck)
Wands
 b - a wand of random effects (21/48)
 B - a wand of flame (40/48)
 N - a wand of clouds (4/9)
 X - a wand of polymorph (14/24)
Scrolls
 h - 2 scrolls of enchant armour
 m - 2 scrolls of recharging
 o - a scroll of fear
 p - 4 scrolls of remove curse
 q - a scroll of vulnerability {unknown}
 r - 2 scrolls of immolation
 u - a scroll of noise {unknown}
 v - a scroll of enchant weapon
 x - a scroll of random uselessness {unknown}
 C - a scroll of blinking {unknown}
 D - 4 scrolls of teleportation
 W - 2 scrolls of magic mapping {unknown}
Potions
 d - 2 potions of might
 e - 9 potions of curing
 i - 2 potions of ambrosia
 j - 2 potions of heal wounds
 n - 2 potions of magic
 s - a potion of agility {unknown}
 t - a potion of mutation {unknown}
 w - a potion of invisibility {unknown}
 z - 2 potions of cancellation {unknown}
 E - 2 potions of degeneration {unknown}
 J - a potion of brilliance {unknown}
 O - 2 potions of haste {unknown}
Comestibles
 f - 3 bread rations
 g - 7 meat rations
 A - 3 royal jellies
 F - 5 chunks of flesh
 H - 5 fruits


   Skills:
 + Level 9.3 Fighting
 - Level 16.1 Axes
 - Level 3.6 Armour
 + Level 9.2 Shields
 - Level 0.2 Invocations


You had 10 spell levels left.
You didn't know any spells.

Dungeon Overview and Level Annotations

Branches:
Dungeon (10/15)            Temple (0/1) D:6            Lair (0/6) D:8
    Orc: D:9-12

Altars:
Dithmenos
Elyvilon
Fedhas
Okawaru
Ru
Sif Muna
Vehumet
Zin

Shops:
D:5 ?


Innate Abilities, Weirdness & Mutations

You reflexively headbutt those who attack you in melee.
You have a pair of horns on your head.


Message History

Found 2 bread rations and 14 fruits.
A tengu conjurer comes into view.
You hit the big kobold. Your headbutt misses the big kobold.
The big kobold is heavily wounded.
The tengu conjurer shouts!
The tengu conjurer points at you and mumbles some strange words.
The bolt of lightning hits you! The bolt of lightning misses you.
You closely miss the big kobold.
The big kobold is heavily wounded.
You block the big kobold's attack.
The tengu conjurer gestures at you while chanting.
The bolt of lightning hits you! x2
* * * LOW HITPOINT WARNING * * *
You feel much better.
The big kobold hits you but does no damage.
The tengu conjurer gestures at you while chanting.
The bolt of lightning hits you!
* * * LOW HITPOINT WARNING * * *
The bolt of lightning hits you!
You die...

#.# #...#
###########...#
...............
####..)####### #...#
###...# P.%##..#
###....%#(.# #@'..Q♣
#..# #K#.P..%#..#
######K##P.%##..#
..KK....(#####...####
.(KK..................
..K...(...............
###################....
.... ...


You could see a tengu conjurer, a big kobold and a kobold.

Vanquished Creatures
  4 two-headed ogres
  The ghost of BreadTh the Fighter, a novice BaFi (D:3)
  A troll (D:8)
  2 hippogriffs (D:9)
  The ghost of topfpfpflanze the Skirmisher, an amateur OgMo of Okawaru (D:5)
  Sigmund (D:4)
  A wyvern (D:10)
  Eustachio (D:5)
  3 vampire mosquitoes
  A water moccasin (D:5)
  An ice beast (D:10)
  A sky beast (D:7)
  2 phantoms
  A black bear (D:6)
  6 ogres
  4 centaurs
  A crocodile (D:9)
  6 bullfrogs
  A wyvern zombie (D:8)
  3 scorpions
  3 killer bees (D:7)
  4 wights (D:7)
  5 howler monkeys
  4 crimson imps
  2 quasits
  3 orc priests
  2 bullfrog skeletons (D:10)
  7 hounds
  2 centaur skeletons
  2 gnoll shamans
  11 orc wizards
  Ijyb (D:4)
  3 iguanas
  8 worker ants
  Natasha (thrice) (D:2)
  A hound zombie (D:7)
  3 hound skeletons
  A worker ant zombie (D:10)
  18 gnolls
  11 adders
  5 shadow imps
  An ooze (D:2)
  An adder skeleton (D:9)
  2 worms
  4 leopard geckos
  34 orcs
  5 bats
  8 giant cockroaches
  10 goblins
  7 hobgoblins
  13 jackals
  6 quokkas
  2 ball pythons
  4 frilled lizards
  12 kobolds
  8 rats
258 creatures vanquished.

Vanquished Creatures (others)
  A scorpion (D:8)
  An orc wizard (D:6)
  A worker ant (D:5)
3 creatures vanquished.

Grand Total: 261 creatures vanquished

Notes
Turn   | Place    | Note
-------+----------+-------------------------------------------
     0 | D:1      | 4FPSwarrior the Minotaur Fighter began the quest for the Orb.
     0 | D:1      | Reached XP level 1. HP: 19/19 MP: 0/0
    34 | D:1      | Reached skill level 3 in Axes
    34 | D:1      | Reached XP level 2. HP: 26/26 MP: 1/1
   228 | D:1      | Reached skill level 4 in Axes
   559 | D:2      | Reached XP level 3. HP: 26/31 MP: 2/2
   935 | D:2      | Noticed Natasha
   947 | D:2      | Killed Natasha
   947 | D:2      | Reached skill level 5 in Axes
   950 | D:2      | Reached XP level 4. HP: 23/39 MP: 3/3
  1075 | D:2      | Noticed Natasha
  1083 | D:2      | Killed Natasha
  1340 | D:2      | Noticed Natasha
  1352 | D:2      | Killed Natasha
  1352 | D:2      | Reached skill level 6 in Axes
  1356 | D:2      | Reached XP level 5. HP: 42/45 MP: 4/4
  1538 | D:2      | Found a sacrificial altar of Ru.
  1697 | D:3      | Reached skill level 7 in Axes
  2101 | D:3      | Reached XP level 6. HP: 42/51 MP: 5/5
  2303 | D:3      | Reached skill level 8 in Axes
  2675 | D:3      | Noticed BreadTh's ghost (novice BaFi)
  2806 | D:4      | Noticed Ijyb
  2816 | D:4      | Killed Ijyb
  2843 | D:4      | Reached skill level 9 in Axes
  2967 | D:4      | Reached XP level 7. HP: 46/57 MP: 4/6
  3334 | D:3      | Killed BreadTh's ghost
  3334 | D:3      | Reached skill level 11 in Axes
  3728 | D:4      | Reached XP level 8. HP: 50/64 MP: 4/7
  4041 | D:4      | Noticed Sigmund
  4071 | D:4      | Killed Sigmund
  4347 | D:4      | Reached skill level 12 in Axes
  4674 | D:5      | Entered Level 5 of the Dungeon
  4917 | D:5      | Reached skill level 13 in Axes
  5142 | D:5      | Found an iron altar of Okawaru.
  5150 | D:5      | Became a worshipper of Warmaster Okawaru
  5176 | D:5      | Found Zoit's Magic Scroll Emporium.
  5182 | D:5      | Bought a scroll of identify for 30 gold pieces
  5182 | D:5      | Bought a scroll of teleportation for 45 gold pieces
  5218 | D:5      | Noticed topfpfpflanze's ghost (amateur OgMo)
  5238 | D:5      | Killed topfpfpflanze's ghost
  5404 | D:5      | Reached XP level 9. HP: 70/70 MP: 8/8
  5742 | D:5      | Reached * piety under Okawaru
  5753 | D:5      | Got a brightly glowing leather armour
  5782 | D:5      | Noticed Eustachio
  5823 | D:5      | Killed Eustachio
  5823 | D:5      | Reached skill level 14 in Axes
  5841 | D:5      | Identified the cursed +1 leather armour of Fanaticism {rN+} (You found it on level 5 of the Dungeon)
  6031 | D:6      | Found a staircase to the Ecumenical Temple.
  6603 | D:6      | Reached skill level 15 in Axes
  6994 | D:7      | Reached ** piety under Okawaru
  7674 | D:7      | Reached skill level 16 in Axes
  8398 | D:8      | Noticed a two-headed ogre
  8465 | D:7      | Reached XP level 10. HP: 76/77 MP: 9/9
  8510 | D:8      | Noticed a two-headed ogre
  8523 | D:8      | Killed a two-headed ogre
  8523 | D:8      | Reached *** piety under Okawaru
  8523 | D:8      | Reached skill level 5 in Fighting
  8523 | D:8      | Reached skill level 5 in Shields
  8527 | D:8      | Killed a two-headed ogre
  8546 | D:8      | Noticed a two-headed ogre
  8548 | D:8      | Found a staircase to the Lair.
  8555 | D:8      | Killed a two-headed ogre
  8555 | D:8      | Reached **** piety under Okawaru
  8687 | D:8      | Received a gift from Okawaru
  8800 | D:8      | Got an ichor-stained trident
  9553 | D:9      | Found a glowing silver altar of Zin.
  9553 | D:9      | Found a white marble altar of Elyvilon.
  9558 | D:9      | Found a radiant altar of Vehumet.
  9560 | D:9      | Found a faded altar of an unknown god.
  9561 | D:9      | Found a faded altar of an unknown god.
  9672 | D:9      | Identified the +1 trident "Woockefre" {pierce, rC+ MR+ Int+5} (You found it on level 8 of the Dungeon)
  9720 | D:9      | Found a blossoming altar of Fedhas.
  9724 | D:9      | Found a shadowy altar of Dithmenos.
  9727 | D:9      | Found a deep blue altar of Sif Muna.
  9804 | D:9      | Reached XP level 11. HP: 88/95 MP: 10/10
 10045 | D:10     | Entered Level 10 of the Dungeon
 10195 | D:10     | Reached ***** piety under Okawaru
 10372 | D:10     | Noticed a two-headed ogre
 10380 | D:10     | Killed a two-headed ogre
 10507 | D:10     | Killed from afar by a tengu conjurer

Skill      XL: |  1  2  3  4  5  6  7  8  9 10 11 |
---------------+----------------------------------+-----
Axes           | 3 4 5 6 7 9 11 13 16 | 16.1
Fighting       | 8 9 |  9.3
Shields        | 8 9 |  9.2
Armour         | |  3.6
Invocations    | |  0.2

Action                   |  1- 3 |  4- 6 |  7- 9 | 10-12 || total
-------------------------+-------+-------+-------+-------++-------
Melee: War axe           |    60 |   156 |   445 |    76 ||   737
       Headbutt          |     4 |    27 |    69 |    40 ||   140
       Flail             |       |       |       |    33 ||    33
       Trident           |       |       |       |    80 ||    80
Throw: Tomahawk          |       |     4 |    19 |     4 ||    27
       Javelin           |       |       |       |    25 ||    25
Invok: Heroism           |       |       |     1 |     1 ||     2
Evoke: Wand              |       |       |     2 |       ||     2
  Use: Scroll            |       |     4 |     8 |     4 ||    16
       Potion            |       |       |       |     1 ||     1
 Stab: Paralysed         |       |     2 |       |       ||     2
  Eat: Chunk             |       |     7 |    12 |     3 ||    22
       Bread ration      |       |       |     2 |       ||     2
Armor: Scale mail        |    24 |    44 |    29 |       ||    97
       Chain mail        |       |       |   103 |    27 ||   130
       Plate armour      |       |       |       |    43 ||    43
Dodge: Dodged            |    11 |    31 |    72 |    29 ||   143
Block: Shield            |    27 |    81 |   173 |    83 ||   364
